Map: [ESL] Site Delta

Players

Astrea

  • Race: Protoss Protoss
  • Spawn Location: 11:00

Kelazhur - Winner!

  • Race: Terran Terran
  • Spawn Location: 5:00

Event: ESL SC2 Masters 2023 Winter (Finals)

VOD

Have the link to the VOD?

Description

Time

  • Played on: Dec. 15, 2023, 12:04 p.m.
  • Length: 15:49

All games in this series

Show
View Real Time Build Order
Export as new Build Order

Astrea Protoss 

Build Orders: 1 Gate Expand, Oracle Opening 

Get SALT Encoding   

  12  0:00  Probe  
  13  0:12  Probe  
  14  0:16  Pylon  
  14  0:24  Probe (Chrono Boost)  
  16  0:36  Gateway, Probe (Chrono Boost)  
  16  0:42  Probe (Chrono Boost)  
  16  0:44  Assimilator  
  17  0:51  Probe  
  18  1:03  Probe  
  19  1:15  Probe  
  20  1:28  Cybernetics Core  
  20  1:33  Nexus  
  20  1:34  Probe  
  21  1:45  Pylon  
  21  1:46  Assimilator  
  21  1:49  Probe  
  22  2:01  Probe  
  23  2:02  Adept (Chrono Boost)  
  25  2:13  Probe  
  26  2:22  Stargate  
  26  2:25  Probe  
  26  2:27  Adept  
  29  2:30  Pylon  
  29  2:37  Probe  
  29  2:43  Warp Gate  
  30  2:45  Probe  
  30  2:49  Probe  
  32  2:57  Probe, Adept  
  35  3:01  Probe  
  35  3:03  Shield Battery  
  36  3:06  Oracle (Chrono Boost)  
  39  3:13  Probe  
  39  3:18  Probe  
  41  3:26  Probe  
  42  3:30  Probe  
  42  3:32  Gateway  
  46  3:44  Probe  
  46  3:48  Void Ray (Chrono Boost)  
  46  3:51  Probe  
  45  3:56  Probe  
  45  3:58  Pylon  
  45  4:02  Gateway, Pylon  
  41  4:03  Probe  
  41  4:08  Probe  
  42  4:15  Probe  
  42  4:20  Probe  
  42  4:22  Void Ray (Chrono Boost)  
  39  4:27  Probe  
  39  4:31  Stalker x2  
  44  4:37  Pylon, Probe  
  42  4:39  Probe  
  40  4:49  Probe  
  40  4:52  Probe  
  42  4:54  Stalker x2  
  46  5:01  Probe  
  46  5:05  Probe  
  48  5:11  Twilight Council  
  48  5:13  Probe (Chrono Boost)  
  49  5:17  Nexus  
  49  5:23  Probe (Chrono Boost)  
  49  5:26  Assimilator  
  49  5:27  Pylon  
  51  5:33  Probe (Chrono Boost)  
  51  5:34  Probe (Chrono Boost)  
  52  5:40  Probe x2  
  54  5:43  Blink (Chrono Boost)  
  54  5:52  Probe x2  
  54  5:56  Pylon  
  56  5:59  Stalker x2  
  56  6:00  Stalker  
  55  6:04  Probe x2  
  55  6:16  Probe x2  
  55  6:28  Probe  
  55  6:29  Probe x2  
  55  6:31  Stalker x2  
  55  6:32  Stalker  
  64  6:33  Pylon  
  64  6:37  Forge  
  64  6:40  Probe  
  64  6:41  Probe  
  64  6:44  Probe  
  67  6:53  Probe  
  68  6:54  Stalker x2  
  68  6:55  Stalker  
  68  6:56  Probe  
  68  7:00  Probe  
  76  7:05  Protoss Ground Armor Level 1 (Chrono Boost), Probe  
  76  7:07  Gateway x2  
  76  7:08  Probe  
  78  7:12  Probe  
  79  7:17  Probe  
  79  7:20  Zealot x2, Stalker  
  86  7:28  Probe x2  
  84  7:32  Gateway, Charge (Chrono Boost)  
  84  7:39  Gateway  
  84  7:41  Gateway, Probe x3  
  84  7:42  Zealot  
  89  7:44  Zealot  
  89  7:47  Pylon  
  89  7:49  Zealot  
  93  7:56  Probe x2  
  93  8:01  Pylon  
  93  8:04  Pylon  
  93  8:05  Sentry, Zealot x2, Probe  
  96  8:11  Robotics Facility  
  100  8:16  Pylon  
  100  8:17  Pylon x2  
  100  8:20  Probe  
  101  8:27  Zealot x5  
  101  8:32  Zealot  
  113  8:38  Nexus  
  113  8:44  Sentry  
  113  8:45  Zealot  
  117  8:48  Assimilator  
  117  8:51  Zealot x3  
  117  8:52  Zealot, Protoss Ground Armor Level 2 (Chrono Boost)  
  125  8:58  Observer  
  125  9:01  Zealot x2  
  128  9:14  Zealot x5  
  138  9:21  Templar Archives  
  138  9:24  Assimilator  
  136  9:35  Zealot x3  
  136  9:36  Zealot x2  
  141  9:45  Zealot x3  
  125  9:46  Probe  
  125  9:48  Probe  
  125  9:49  Observer  
  108  10:04  Stalker x5  
  98  10:07  Zealot x3  
  98  10:09  Probe (Chrono Boost)  
  98  10:10  Probe (Chrono Boost)  
  98  10:11  Observer, Psionic Storm, Probe (Chrono Boost)  
  98  10:12  Probe (Chrono Boost)  
  104  10:20  Probe x2 (Chrono Boost)  
  104  10:21  Probe x2 (Chrono Boost)  
  96  10:22  Warp Prism (Chrono Boost)  
  96  10:24  Probe x2 (Chrono Boost)  
  96  10:26  Probe (Chrono Boost)  
  102  10:35  Probe x2  
  104  10:39  High Templar x2  
  104  10:40  Zealot x5  
  117  10:48  High Templar, Forge  
  119  10:55  Observer  
  119  10:56  Pylon  
  120  11:02  High Templar  
  120  11:03  Zealot x4  
  130  11:05  Observer  
  130  11:08  Gateway  
  130  11:10  Gateway  
  128  11:11  Protoss Ground Weapons Level 1  
  128  11:12  Protoss Ground Armor Level 3  
  120  11:23  Observer, Zealot x7  
  122  11:39  High Templar  
  118  11:40  Immortal (Chrono Boost)  
  118  11:41  Probe x2  
  118  11:42  Nexus  
  124  11:49  High Templar  
  124  11:50  Zealot x2  
  124  11:51  Zealot x4  
  138  11:59  Pylon x2  
  137  12:02  Observer  
  137  12:03  Assimilator  
  137  12:11  Zealot x8  
  135  12:27  Observer (Chrono Boost)  
  135  12:28  Stalker x2  
  140  12:32  Robotics Bay  
  140  12:33  Probe x2  
  140  12:34  Probe  
  141  12:40  High Templar x2, Zealot x3  
  141  12:41  Zealot x3  
  155  12:44  Shield Battery  
  155  12:56  Zealot x2  
  159  13:01  Zealot x4  
  159  13:02  Zealot x2  
  137  13:10  Stalker x2  
  137  13:11  Stalker x4  
  135  13:13  Zealot x2  
  124  13:22  Probe  
  124  13:23  Probe x4  
  124  13:24  Zealot x2  
  110  13:33  Stalker x3  
  110  13:34  Stalker x4  
  109  13:35  Probe x3  
  109  13:37  Probe  
  109  13:40  Observer  
  116  13:44  Warp Prism (Chrono Boost)  
  116  13:47  High Templar x3  
  120  13:55  Observer  
  120  13:57  Zealot x4  
  128  14:06  Probe x2  
  128  14:07  Pylon  
  129  14:10  High Templar x2, Zealot  
  129  14:14  Observer  
  135  14:18  Observer (Chrono Boost)  
  135  14:23  Zealot x6  
  140  14:42  Probe  
  141  14:47  Colossus  
  141  14:50  Robotics Facility  
  147  14:57  High Templar, Zealot x3  
  143  15:04  Nexus, Zealot x2  
  137  15:10  Zealot x2  
  137  15:11  Zealot, Archon  
  134  15:14  Zealot  
  104  15:28  Sentry x2  
  104  15:29  Sentry, Stalker x3  
  104  15:31  Stalker  
  110  15:36  Zealot x2  
  110  15:39  Stalker  
Show
View Real Time Build Order
Export as new Build Order

Kelazhur Terran - Winner!

Build Orders: Cyclone Opening 

Get SALT Encoding   

  12  0:00  SCV  
  13  0:12  SCV  
  14  0:16  Supply Depot  
  14  0:24  SCV  
  14  0:28  Refinery  
  15  0:38  SCV  
  16  0:46  Barracks  
  16  0:50  SCV  
  17  1:02  SCV  
  18  1:06  Engineering Bay  
  18  1:14  SCV  
  19  1:26  SCV  
  20  1:33  Marine  
  20  1:38  Orbital Command, Factory  
  21  1:47  Supply Depot  
  21  1:51  Barracks Reactor  
  21  2:04  SCV  
  22  2:17  Command Center  
  22  2:30  Cyclone x2  
  22  2:33  Marine  
  27  2:38  Supply Depot  
  27  2:40  SCV  
  28  2:49  Refinery  
  28  2:52  SCV  
  29  3:03  Hellion x2  
  29  3:04  SCV  
  34  3:15  Marine  
  34  3:17  SCV  
  36  3:29  SCV  
  39  3:34  Cyclone  
  39  3:40  Cyclone  
  39  3:41  SCV  
  42  3:53  SCV  
  42  4:04  Barracks Tech Lab  
  42  4:05  SCV  
  42  4:06  Cyclone  
  42  4:07  Barracks  
  42  4:08  Barracks  
  45  4:12  Cyclone  
  45  4:16  SCV  
  46  4:17  SCV  
  44  4:28  Marine  
  44  4:29  Orbital Command, Stimpack  
  44  4:30  SCV  
  46  4:42  SCV  
  48  4:49  Marine  
  45  4:54  SCV  
  45  4:58  Barracks Tech Lab  
  45  4:59  SCV  
  47  5:06  Factory Tech Lab, SCV  
  46  5:07  Marine  
  46  5:09  Bunker  
  46  5:11  SCV  
  46  5:12  Supply Depot  
  46  5:14  Marine x2, Engineering Bay  
  49  5:19  SCV  
  49  5:23  SCV  
  49  5:25  Marine, Marauder  
  51  5:31  SCV  
  51  5:35  SCV  
  51  5:37  Marine x2  
  48  5:43  Siege Tank, Marauder, SCV  
  48  5:47  SCV  
  55  5:50  Marauder  
  55  5:54  Terran Infantry Weapons Level 1, Refinery  
  55  5:55  SCV  
  56  5:59  SCV  
  56  6:00  Supply Depot  
  57  6:04  Marauder  
  57  6:07  SCV  
  57  6:08  Marine x2  
  58  6:11  SCV  
  58  6:14  Marine  
  58  6:15  Siege Tank  
  61  6:22  SCV  
  61  6:23  Combat Shield, SCV, Supply Depot  
  61  6:24  Concussive Shells  
  63  6:31  Marine x2  
  63  6:32  Marine  
  66  6:34  SCV  
  66  6:36  SCV  
  66  6:37  Starport  
  66  6:39  Marauder  
  70  6:46  SCV  
  71  6:50  Supply Depot  
  71  6:51  Marine x3  
  74  6:59  SCV  
  74  7:00  Marine, SCV  
  77  7:04  Factory Reactor  
  77  7:09  Command Center  
  77  7:11  Marine x2  
  77  7:12  Marauder, SCV  
  82  7:17  SCV  
  82  7:20  Starport Reactor  
  83  7:24  SCV  
  83  7:28  Marauder  
  86  7:32  Refinery  
  86  7:39  Supply Depot  
  86  7:46  Barracks  
  86  7:47  Barracks  
  86  7:52  Terran Infantry Armor Level 1, Supply Depot  
  86  8:00  Marine x2  
  86  8:01  Marauder, SCV x2, Medivac  
  86  8:03  Supply Depot  
  94  8:10  Supply Depot  
  94  8:12  Marauder, Widow Mine x2, Medivac  
  102  8:14  SCV x2  
  102  8:15  Armory  
  104  8:22  Marine x2  
  104  8:26  SCV x2  
  109  8:28  Marauder  
  110  8:34  Medivac, Widow Mine x2  
  110  8:38  Barracks Reactor, SCV, Marauder  
  117  8:42  Medivac, SCV  
  117  8:43  Missile Turret  
  117  8:44  Marine  
  117  8:45  Marine  
  122  8:51  Marauder  
  122  8:54  SCV  
  127  8:56  Marauder  
  127  8:59  Orbital Command  
  127  9:05  Ghost Academy  
  127  9:07  Marauder  
  127  9:08  Marine  
  130  9:12  Marauder, Widow Mine x2  
  130  9:13  SCV  
  137  9:18  Supply Depot  
  137  9:19  Marine x3  
  139  9:37  Medivac  
  141  9:39  Medivac  
  133  9:48  Marauder  
  119  9:54  Marine x2, Marauder  
  119  9:58  Widow Mine x2  
  117  10:00  Marauder  
  117  10:05  SCV x2, Marine x2  
  117  10:06  Terran Infantry Weapons Level 2  
  107  10:07  Medivac  
  107  10:09  Medivac  
  107  10:10  Marauder  
  107  10:12  Marine  
  107  10:15  Marine, Marauder  
  107  10:19  Widow Mine x2  
  107  10:21  Marauder, SCV x2  
  114  10:22  SCV, Marine  
  112  10:30  Marine, Refinery x2  
  112  10:34  Ghost, Marine x2  
  113  10:36  Ghost  
  113  10:40  Marine, Medivac x2  
  124  10:42  Widow Mine  
  124  10:43  Widow Mine  
  124  10:44  SCV  
  124  10:45  SCV x2  
  127  10:51  Command Center  
  127  10:53  Marine  
  127  10:54  Marauder  
  127  10:55  Marine  
  131  11:03  Marauder  
  133  11:04  Supply Depot  
  133  11:05  Marauder  
  133  11:06  Supply Depot  
  135  11:15  Ghost  
  135  11:16  Marine  
  136  11:23  Ghost  
  136  11:24  Widow Mine x2  
  136  11:25  Liberator  
  142  11:28  Ghost  
  142  11:29  Marine  
  142  11:38  Marine x2  
  130  11:40  Marine  
  130  11:43  Barracks  
  130  11:44  Ghost, Medivac  
  130  11:46  Barracks  
  133  11:47  Barracks, Widow Mine  
  133  11:48  Widow Mine  
  133  11:49  SCV x3  
  140  11:57  Marauder  
  140  12:01  SCV x2  
  144  12:05  Marauder  
  146  12:09  Widow Mine x2  
  146  12:13  Marauder  
  147  12:22  Marauder, Marine  
  148  12:23  Viking x2  
  148  12:25  Marine x3  
  148  12:26  SCV x2  
  148  12:27  SCV  
  148  12:28  Terran Infantry Weapons Level 3  
  158  12:31  Barracks Tech Lab  
  158  12:32  Marine  
  158  12:33  Marauder  
  155  12:38  SCV  
  155  12:40  Marine  
  155  12:48  Marine x2  
  155  12:49  Marauder  
  159  12:52  Marine x2  
  159  12:53  Viking x2, Marauder  
  159  12:57  Widow Mine x2  
  171  13:03  Marauder  
  159  13:06  Marauder, Marine  
  159  13:09  Marine x2  
  159  13:10  Marauder, Marine x2  
  161  13:14  Marauder  
  161  13:17  Planetary Fortress  
  161  13:19  SCV x3  
  155  13:24  Marine x2, Marauder  
  140  13:27  Marine x2  
  140  13:28  Marauder, Marine  
  140  13:32  Widow Mine x2  
  140  13:33  Marauder  
  141  13:35  SCV  
  141  13:37  Marauder  
  141  13:38  Medivac  
  144  13:41  Medivac  
  144  13:44  SCV  
  144  13:47  Marine  
  144  13:48  Marauder  
  146  13:52  Marauder  
  146  13:53  Widow Mine  
  146  13:54  Widow Mine  
  146  13:55  Marine x3, Marauder  
  155  14:04  Marauder  
  155  14:09  Marauder, Medivac  
  161  14:11  Medivac  
  161  14:13  Marauder  
  161  14:16  Marauder  
  167  14:19  SCV x3  
  167  14:22  SCV  
  165  14:24  Marine x4  
  165  14:25  Marauder, Marine  
  165  14:26  Marine  
  165  14:29  Ghost, Widow Mine x2  
  165  14:31  SCV x2  
  180  14:34  Ghost  
  180  14:48  Marine x2, Supply Depot  
  180  14:49  Marine x2  
  180  14:50  Supply Depot  
  180  14:51  Command Center  
  182  14:56  Marine  
  182  14:57  Marauder, Marine  
  182  14:58  Widow Mine  
  187  15:00  Widow Mine  
  187  15:06  Marauder  
  170  15:14  Marauder x2  
  170  15:15  Marine x2  
  170  15:18  Marauder  
  170  15:19  Widow Mine  
  155  15:22  Marine  
  155  15:23  Marine  
  155  15:25  Marine  
  155  15:27  Marauder, Marine  
Tags
 
Add a new tag
Caveats
  • Supply blocks, unpowered buildings, or Contaminate may cause inaccurate times.
  • Supply counts are checked every 10 seconds.